 Dungeon Crawl Stone Soup version 0.29.1-2-gbd0b4ee654 (webtiles) character file.

Game seed: 17282888148500555061

49 GorkyZ the Chopper (level 3, -8/22 HPs)
             Began as a Gargoyle Gladiator on Nov 23, 2022.
             Killed by divine providence
             ... invoked by an orc priest
              (12 damage)
             ... on level 3 of the Dungeon.
             The game lasted 00:03:23 (2229 turns).

GorkyZ the Chopper (Gargoyle Gladiator)             Turns: 2229, Time: 00:03:24

Health: -8/22      AC: 13    Str: 19    XL:     3   Next: 75%
Magic:  3/3        EV:  8    Int:  8    God:
Gold:   87         SH:  0    Dex: 11    Spells: 2/2 levels left

rFire   . . .      SeeInvis .   a - +0 war axe
rCold   . . .      Faith    .   (no shield)
rNeg    + . .      Spirit   .   n - +0 chain mail
rPois   ∞          Reflect  .   c - +0 helmet
rElec   +          Harm     .   (no cloak)
rCorr   .          Rampage  .   (no gloves)
Will    .....                   h - +0 pair of boots
Stlth   ..........              (no amulet)
HPRegen 0.07/turn               (no ring)
MPRegen 0.08/turn               (no ring)

@: confused
A: sickness immunity, AC +3, negative energy resistance 1, electricity
resistance, torment resistance 1, petrification resistance
a: no special abilities


You were on level 3 of the Dungeon.
You visited 1 branch of the dungeon, and saw 3 of its levels.

You collected 87 gold pieces.

Inventory:

Hand Weapons
 a - a +0 war axe (weapon)
Missiles
 d - 4 throwing nets (quivered)
 e - a javelin
Armour
 b - a +0 leather armour
 c - a +0 helmet (worn)
 f - a +0 ring mail
 h - a +0 pair of boots (worn)
 n - a +0 chain mail (worn)
Scrolls
 g - a scroll of vulnerability {unknown}
 j - 3 scrolls of immolation {unknown}
 k - a scroll of blinking {unknown}
 m - 2 scrolls of enchant armour {unknown}
 p - a scroll of enchant weapon {unknown}
 t - a scroll of identify {unknown}
Potions
 i - 3 potions of attraction {unknown}
 l - a potion of might {unknown}
 o - a potion of flight {unknown}
 q - 2 potions of curing {unknown}
 r - a potion of ambrosia {unknown}
 s - a potion of heal wounds {unknown}


   Skills:
 + Level 2.5 Fighting
 + Level 3.0 Axes
 + Level 2.0 Throwing
 + Level 1.2 Armour
 + Level 2.6 Dodging
 - Level 0.9 Shields
 + Level 1.0 Evocations


You had 2 spell levels left.
You didn't know any spells.
Your spell library was empty.

Dungeon Overview and Level Annotations

Branches:
Dungeon (3/15)

Altars:


Innate Abilities, Weirdness & Mutations

You are immune to sickness and miasma.
Your stone body is resilient. (AC +3)
You are immune to poison.
You resist negative energy. (rN+)
You are resistant to electric shocks. (rElec)
You are resistant to unholy torment.
You are immune to petrification.


Message History

Something hits you.
You hit something. Something hits you.
You hit something.
The orc priest mumbles some strange prayers to Beogh against you.
Something writhes in agony!
You hear some strange, mumbled words.
You are confused.
Something hits you but does no damage. Something hits you but does no damage.
You hear some strange, mumbled words.
You are more confused.
There is a stone staircase leading up here.
You hear some strange, mumbled words.
A puff of flame appears from out of thin air!
The puff of flame misses you.
You bump into the rock wall.
You hear some strange, mumbled words.
A magic dart appears from out of thin air!
The magic dart hits you.
You bump into the rock wall.
You hear some strange, mumbled words.
A magic dart appears from out of thin air!
The magic dart hits you but does no damage.
The orc priest calls down the wrath of Beogh upon you.
Something writhes in agony!
Reactivating autopickup.
You feel a bit more experienced.
Your Axes skill increases to level 3!
Your Evocations skill increases to level 1!
There is a stone staircase leading up here.
You bump into the rock wall.
The orc priest calls down the wrath of Beogh upon you.
Pain shoots through your body!
* * * LOW HITPOINT WARNING * * *
In your confused state, you trip and fall back down the stairs.
* * * LOW HITPOINT WARNING * * *
The orc priest invokes the aid of Beogh against you.
Beogh smites you!
Ouch! That really hurt!
You die...

#...
..#
##...
...#
....
...
...##..
.g...
.S. #o#
#o# #@#
###


You could see an orc priest, an orc, a goblin and a ball python.

Vanquished Creatures
  An adder (D:2)
  A dart slug (D:1)
  2 orcs (D:3)
  An endoplasm (D:1)
  2 giant cockroaches
  2 goblins (D:1)
  4 hobgoblins (D:1)
  A quokka (D:2)
  2 bats (D:1)
  3 frilled lizards
  6 kobolds
  A rat (D:2)
26 creatures vanquished.

Vanquished Creatures (others)
  An orc wizard (D:3)
1 creature vanquished.

Grand Total: 27 creatures vanquished

Notes
Turn   | Place    | Note
-------+----------+-------------------------------------------
     0 | D:1      | GorkyZ the Gargoyle Gladiator began the quest for the Orb.
     0 | D:1      | Reached XP level 1. HP: 12/12 MP: 1/1
   426 | D:1      | Reached XP level 2. HP: 17/17 MP: 2/2
  1010 | D:1      | Found a faded altar of an unknown god.
  1659 | D:2      | Reached skill level 1 in Armour
  1659 | D:2      | Reached XP level 3. HP: 22/22 MP: 3/3
  2226 | D:3      | Reached skill level 3 in Axes
  2226 | D:3      | Reached skill level 1 in Evocations
  2229 | D:3      | Killed from afar by an orc priest

Illustrated notes

Levels and vault maps discovered:
D:1:      dpeg_arrival_court, layout_basic,
          hellmonk_ecumenical_altar_heavens_door, dk_noncrumbling_4
D:2:      layout_basic, minmay_indecisive_spiral
D:3:      layout_basic, kennysheep_okawaru_gauntlet,
          nicolae_overflow_hidden_temple, nemelex_dance_club_becter,
          serial_glass, glass_columns_b, glass_columns_a,
          uniq_crazy_yiuf_cottage

Skill      XL: |  1  2  3 |
---------------+----------+-----
Armour         | 1 |  1.2
Throwing       | 2 |  2.0
Axes           | 3 |  3.0
Evocations     | 1 |  1.0
Fighting       | |  2.5
Dodging        | |  2.6
Shields        | |  0.9

Action                   || total
-------------------------++-------
Melee: War axe           ||   103
       Punch             ||     2
Armor: Leather armour    ||     6
       Ring mail         ||    28
       Chain mail        ||    23
Dodge: Dodged            ||    62
